 Dungeon Crawl Stone Soup version 0.27.0-1-g7a089689b8 (webtiles) character file.

Game seed: 22739251975708046

7 Acheron the Skirmisher (level 1, -1/18 HPs)
             Began as a Demonspawn Abyssal Knight on Aug 11, 2021.
             Was a Follower of Lugonu.
             Slain by a jackal (3 damage)
             ... on level 1 of the Dungeon.
             The game lasted 00:03:29 (522 turns).

Acheron the Skirmisher (Demonspawn Abyssal Knight)   Turns: 522, Time: 00:03:29

Health: -1/18      AC:  3    Str: 12    XL:     1   Next: 83%
Magic:  2/2        EV: 11    Int: 13    God:    Lugonu [*.....]
Gold:   14         SH:  0    Dex: 12    Spells: 0/0 levels left

rFire    . . .     SeeInvis .   a - +1 hand axe
rCold    . . .     Faith    .   (no shield)
rNeg     . . .     Spirit   .   b - +0 leather armour
rPois    .         Reflect  .   (no helmet)
rElec    .         Harm     .   (no cloak)
rCorr    .         Rampage  .   (no gloves)
Will     .....                  (no boots)
Stlth    +.........             (no amulet)
HPRegen  0.06/turn              (no ring)
MPRegen  0.08/turn              (no ring)

@: no status effects
A: no striking features
a: Renounce Religion, Depart the Abyss


You were on level 1 of the Dungeon.
You worshipped Lugonu.
Lugonu was aware of your devotion.
You visited 1 branch of the dungeon, and saw 1 of its levels.
You visited the Abyss 1 time.

You collected 14 gold pieces.

Inventory:

Hand Weapons
 a - a +1 hand axe (weapon)
 d - a +1 dagger of flaming
Missiles
 c - 19 stones
Armour
 b - a +0 leather armour (worn)


   Skills:
 * Level 3.2 Fighting
 + Level 1.8 Axes
 + Level 1.8 Armour
 * Level 1.1 Dodging
 * Level 0.1 Stealth
 + Level 2.4 Invocations


You couldn't memorise any spells.
You didn't know any spells.
Your spell library was empty.

Dungeon Overview and Level Annotations

Branches:
Dungeon (1/15)

Altars:


Message History

The jackal bites you but does no damage.
The jackal barely misses you.
The jackal bites you but does no damage.
You hit the jackal.
The jackal is heavily wounded.
You hit the jackal.
The jackal bites you but does no damage.
The jackal bites you. x3
You barely miss the jackal.
The jackal is heavily wounded.
You hit the jackal. The jackal barely misses you.
The jackal bites you but does no damage.
You hit the jackal but do no damage.
The jackal is heavily wounded.
You closely miss the jackal. The jackal bites you.
* * * LOW HITPOINT WARNING * * *
The jackal closely misses you. x2; The jackal barely misses you.
Unknown command.
You barely miss the jackal.
The jackal is heavily wounded.
You closely miss the jackal. The jackal closely misses you.
The jackal bites you but does no damage.
The jackal bites you.
* * * LOW HITPOINT WARNING * * *
The jackal bites you but does no damage.
You closely miss the jackal.
The jackal is heavily wounded.
You hit the jackal.
You kill the jackal!
Lugonu accepts your kill. The jackal misses you.
You closely miss the jackal.
The jackal is heavily wounded.
You hit the jackal.
You kill the jackal!
Lugonu accepts your kill. The jackal bites you.
* * * LOW HITPOINT WARNING * * *
The jackal bites you.
You die...

⌠..## #... (...##
# #..###### .....#
#.####.......
.....#
#.#.........#
....##
##.........# #####
#..#.##....#
#..#...l...#
#..#..#†#..#
####..#.l#@# .#
#........#h#
#.##..##.#.#
#......#.#.#
#..##..#.#..
.####.#..###.#....
...........#.#....
.....####.#.#.....
.....#......#...


You could see a jackal and a frilled lizard.

Vanquished Creatures
  An endoplasm (D:1)
  4 jackals (D:1)
  A bat (D:1)
  A kobold (D:1)
7 creatures vanquished.

Notes
Turn   | Place    | Note
-------+----------+-------------------------------------------
     0 | Abyss:1  | Acheron the Demonspawn Abyssal Knight began the quest for
                  | the Orb.
     0 | Abyss:1  | Reached XP level 1. HP: 18/18 MP: 2/2
   124 | D:1      | Escaped the Abyss
   501 | D:1      | Reached * piety under Lugonu
   508 | D:1      | Reached skill level 1 in Dodging
   522 | D:1      | Slain by a jackal

Illustrated notes

Levels and vault maps discovered:
D:1:      dpeg_arrival_lava_temple_mockup, layout_basic

Skill      XL: |  1 |
---------------+----+-----
Dodging        | 1 |  1.1
Fighting       | |  3.2
Axes           | |  1.8
Armour         | |  1.8
Stealth        | |  0.1
Invocations    | |  2.4

Action                   || total
-------------------------++-------
Melee: Hand axe          ||    27
Invok: Depart the Abyss  ||     1
Armor: Leather armour    ||    18
Dodge: Dodged            ||    52
